 Dungeon Crawl Stone Soup version 0.27.1-33-g824d729ab1 (webtiles) character file.

Game seed: 3455723857732992685

18 ZappyNine the Skirmisher (level 2, -3/27 HPs)
             Began as a Minotaur Fighter on Nov 25, 2021.
             Frozen to death by an endoplasm (5 damage)
             ... on level 1 of the Dungeon.
             The game lasted 00:00:43 (285 turns).

ZappyNine the Skirmisher (Minotaur Fighter)          Turns: 285, Time: 00:00:44

Health: -3/27      AC:  6    Str: 20    XL:     2   Next: 48%
Magic:  1/1        EV:  7    Int:  5    God:
Gold:   24         SH:  9    Dex:  9    Spells: 1/1 levels left

rFire    . . .     SeeInvis .   a - +0 flail
rCold    . . .     Faith    .   c - +0 kite shield
rNeg     . . .     Spirit   .   b - +0 scale mail
rPois    .         Reflect  .   (helmet restricted)
rElec    .         Harm     .   (no cloak)
rCorr    .         Rampage  .   (no gloves)
Will     .....                  (no boots)
Stlth    ..........             (no amulet)
HPRegen  0.09/turn              (no ring)
MPRegen  0.07/turn              (no ring)

@: no status effects
A: horns 2, retaliatory headbutt
a: no special abilities


You were on level 1 of the Dungeon.
You visited 1 branch of the dungeon, and saw 1 of its levels.

You collected 24 gold pieces.

Inventory:

Hand Weapons
 a - a +0 flail (weapon)
Armour
 b - a +0 scale mail (worn)
 c - a +0 kite shield (worn)
Potions
 d - a potion of might


   Skills:
 + Level 4.0 Fighting
 + Level 3.0 Maces & Flails
 - Level 3.6 Armour
 + Level 1.2 Dodging
 - Level 3.6 Shields


You had one spell level left.
You didn't know any spells.
Your spell library was empty.

Dungeon Overview and Level Annotations

Branches:
Dungeon (1/15)

Altars:

Shops:
D:1 *


Innate Abilities, Weirdness & Mutations

You have a pair of horns on your head.
You reflexively headbutt those who attack you in melee.


Message History

* * * LOW HITPOINT WARNING * * *
You completely miss the kobold. Your headbutt misses the kobold.
You block the kobold's attack.
You sock the kobold!
You kill the kobold!
You block the frilled lizard's attack.
Your scale mail prevents you from hitting the frilled lizard.
The frilled lizard bites you but does no damage.
You miss the frilled lizard. The frilled lizard bites you.
* * * LOW HITPOINT WARNING * * *
The frilled lizard bites you but does no damage.
You hit the frilled lizard.
The frilled lizard is heavily wounded.
You block the frilled lizard's attack.
You hit the frilled lizard but do no damage.
Your headbutt misses the frilled lizard.
The frilled lizard is heavily wounded.
The frilled lizard bites you.
* * * LOW HITPOINT WARNING * * *
You closely miss the frilled lizard.
The frilled lizard is heavily wounded.
The frilled lizard bites you but does no damage. x2
You barely miss the frilled lizard.
The frilled lizard is heavily wounded.
The frilled lizard bites you but does no damage.
You sock the frilled lizard!
You kill the frilled lizard!
The endoplasm freezes you.
You are frozen.
* * * LOW HITPOINT WARNING * * *
Your Maces & Flails skill increases to level 3!
You hit the endoplasm but do no damage.
The endoplasm is heavily wounded.
The endoplasm barely misses you.
You barely miss the endoplasm.
The endoplasm is heavily wounded.
The endoplasm barely misses you. The endoplasm freezes you.
You are frozen.
You die...

.........................########
.#####.#####.............# # #<.
#.###...............# #P ##.
##..##.###...........# #≈≈♣#.
#......#$#...#.......# ♣≈≈≈≈≈
#.#..###.###.#.......# #≈≈P#'
#....# ...#...####### #♣♣##.
#..### #)###.# #.. #..# #.J@..#
### ##.### #.###.# #...# ...#...#
###.###.###.### #...#)#...#
#.#.###.### #.......# #.....###
#.#####


You could see an endoplasm.

Vanquished Creatures
  2 dart slugs (D:1)
  A giant cockroach (D:1)
  3 goblins (D:1)
  5 kobolds (D:1)
  3 frilled lizards (D:1)
14 creatures vanquished.

Notes
Turn   | Place    | Note
-------+----------+-------------------------------------------
     0 | D:1      | ZappyNine the Minotaur Fighter began the quest for the Orb.
     0 | D:1      | Reached XP level 1. HP: 19/19 MP: 0/0
   119 | D:1      | Reached XP level 2. HP: 27/27 MP: 1/1
   135 | D:1      | Reached skill level 1 in Dodging
   182 | D:1      | Found Kessy's General Store.
   188 | D:1      | Reached skill level 4 in Fighting
   285 | D:1      | Frozen to death by an endoplasm

Illustrated notes

Levels and vault maps discovered:
D:1:      sevenhm_arrival_forest_fort_small_4, layout_basic,
          hellmonk_ecumenical_altar_crossroads, serial_shops,
          nicolae_diamond_shop, minmay_quantized

Skill      XL: |  1  2 |
---------------+-------+-----
Dodging        | 1 |  1.2
Fighting       | 4 |  4.0
Maces & Flails | 3 |  3.0
Armour         | |  3.6
Shields        | |  3.6

Action                   || total
-------------------------++-------
Melee: Flail             ||    44
       Headbutt          ||     4
Armor: Scale mail        ||    23
Dodge: Dodged            ||     9
Block: Kite shield       ||    24
